 Dungeon Crawl Stone Soup version 0.28.0-53-g5a82cb258f (webtiles) character file.

Game seed: 15701461067566222145

256 jjjjhere the Shield-Bearer (level 5, -25/47 HPs)
             Began as a Minotaur Fighter on Aug 20, 2022.
             Was a Believer of Zin.
             Annihilated by an ogre
             ... wielding a +0 giant club
              (27 damage)
             ... on level 4 of the Dungeon.
             The game lasted 00:03:57 (3667 turns).

jjjjhere the Shield-Bearer (Minotaur Fighter)       Turns: 3667, Time: 00:03:58

Health: -25/47     AC:  6    Str: 20    XL:     5   Next: 92%
Magic:  5/5        EV:  9    Int:  5    God:    Zin [**....]
Gold:   141        SH:  5    Dex: 12    Spells: 4/4 levels left

rFire   + . .      SeeInvis .   a - +0 war axe
rCold   . . .      Faith    .   c - +0 buckler
rNeg    . . .      Spirit   .   b - +0 scale mail
rPois   .          Reflect  .   (helmet restricted)
rElec   .          Harm     .   p - scarf {+Inv}
rCorr   .          Rampage  .   (no gloves)
Will    .....                   (no boots)
Stlth   ..........              (no amulet)
HPRegen 0.15/turn               h - ring of protection from fire
MPRegen 0.09/turn               (no ring)

@: on recite cooldown
A: horns 2, retaliatory headbutt
a: Renounce Religion, Evoke Invisibility, Recite, Vitalisation, Donate Gold


You were on level 4 of the Dungeon.
You worshipped Zin.
Zin was pleased with you.
You visited 1 branch of the dungeon, and saw 4 of its levels.

You collected 156 gold pieces.
You donated 15 gold pieces to Zin.

Inventory:

Hand Weapons
 a - a +0 war axe (weapon)
 v - a +3 hand axe
Missiles
 o - 2 throwing nets (quivered)
Armour
 b - a +0 scale mail (worn)
 c - a +0 buckler (worn)
 p - a scarf of invisibility (worn)
Jewellery
 h - a ring of protection from fire (left hand)
Wands
 w - a wand of iceblast (6)
Scrolls
 f - a scroll of noise {unknown}
 i - a scroll of fog {unknown}
 k - 2 scrolls of amnesia {unknown}
 l - a scroll of identify {unknown}
 m - a scroll of blinking {unknown}
 q - 4 scrolls of teleportation {unknown}
 r - a scroll of fear {unknown}
 s - a scroll of magic mapping {unknown}
Potions
 d - 3 potions of might
 e - 2 potions of curing {unknown}
 g - 2 potions of ambrosia {unknown}
 j - 4 potions of lignification {unknown}
 n - 2 potions of flight {unknown}
 t - a potion of brilliance {unknown}
 u - a potion of cancellation {unknown}


   Skills:
 + Level 4.4 Fighting
 * Level 5.0 Axes
 - Level 3.6 Armour
 - Level 5.0 Shields
 * Level 2.5 Invocations


You had 4 spell levels left.
You didn't know any spells.
Your spell library was empty.

Dungeon Overview and Level Annotations

Branches:
Dungeon (4/15)
 Temple: D:4-7

Altars:
Wu Jian
Zin


Innate Abilities, Weirdness & Mutations

You have a pair of horns on your head.
You reflexively headbutt those who attack you in melee.


Message History

You see here 4 large rocks.
Key pressed, stopping explore.
You pay a tithe of 1 gold.
You now have 141 gold pieces (gained 7).
You hear the brisk rusting of a drain nearby.
Found 6 poisoned darts.
An ogre comes into view. It is wielding a +0 giant club.
An ogre is nearby!
Activating: Recite (1% risk of failure)
Press: ? - help, Dir - look around, f - activate You clear your throat and prepare to recite. "And Zin decreed that the people would be..." "...protected from anarchy in all its forms, and..."
The ogre is dazed by your recitation.
The ogre is lost in a daze. "...preserved in their lawfulness for all the days to come."
You finish reciting Abominations 21:66.
You hit the ogre.
The ogre is lightly wounded.
You hear the quick rusting of a drain very nearby.
The ogre hits you with a +0 giant club!!
Ouch! That really hurt!
You completely miss the ogre.
You headbutt the ogre, but do no damage.
The ogre is lightly wounded.
The ogre barely misses you.
You hit the ogre but do no damage.
The ogre is lightly wounded.
The ogre completely misses you.
You barely miss the ogre.
The ogre is lightly wounded.
The ogre hits you with a +0 giant club!!
* * * LOW HITPOINT WARNING * * *
Throw: 3 throwing nets
Press: ? - help, Q - select action, (/) - cycle Shift-Dir - straight line, f - ogre
Aim: an ogre, wielding a +0 giant club (lightly wounded, dazed, 74% to hit)
You throw a throwing net.
The throwing net barely misses the ogre.
The ogre hits you with a +0 giant club!!
Ouch! That really hurt!
You die...

############....#
#...........#.#.#
#.#########...#.# #.#
#.#(..# #.# #...###
#####.#######
#...####
##...........#
#.......
#...##.#####.#
#..##### #.#...@# #[
#..# ..
#...O#####.###.)# #
###.............#####
...$..##.....))....
....... ######)#####
....(...# #.........
....?.#### #.##.....#
####..(# #.##.....#
#.........


You could see an ogre (dazed).

Vanquished Creatures
  A centaur (D:4)
  Ijyb (D:4)
  An orc wizard (D:4)
  4 gnolls
  An adder (D:2)
  A worm (D:3)
  A dart slug (D:3)
  5 orcs
  8 endoplasms
  6 giant cockroaches
  6 hobgoblins
  9 kobolds
  11 ball pythons
  A bat (D:2)
  A frilled lizard (D:3)
  9 goblins
  5 rats
71 creatures vanquished.

Notes
Turn   | Place    | Note
-------+----------+-------------------------------------------
     0 | D:1      | jjjjhere the Minotaur Fighter began the quest for the Orb.
     0 | D:1      | Reached XP level 1. HP: 19/19 MP: 0/0
   228 | D:1      | Reached XP level 2. HP: 27/27 MP: 1/1
   870 | D:1      | Reached XP level 3. HP: 18/33 MP: 2/2
  1056 | D:2      | Found a glowing silver altar of Zin.
  1130 | D:2      | Became a worshipper of Zin the Law-Giver
  1555 | D:2      | Reached * piety under Zin
  1757 | D:2      | Reached XP level 4. HP: 28/40 MP: 1/3
  1792 | D:1      | Reached skill level 1 in Invocations
  2258 | D:3      | Found a faded altar of an unknown god.
  2566 | D:3      | Reached skill level 5 in Shields
  2751 | D:3      | Found an ornate altar of the Wu Jian Council.
  3231 | D:4      | Noticed a centaur
  3236 | D:4      | Killed a centaur
  3237 | D:4      | Reached XP level 5. HP: 39/46 MP: 3/5
  3329 | D:4      | Reached ** piety under Zin
  3435 | D:4      | Noticed Ijyb
  3450 | D:4      | Killed Ijyb
  3451 | D:4      | Reached skill level 5 in Axes
  3656 | D:4      | Noticed an ogre
  3666 | D:4      | HP: 1/47 [ogre/+0 giant club (19)]
  3667 | D:4      | Annihilated by an ogre

Illustrated notes

Levels and vault maps discovered:
D:1:      wander_arrival_peaceful_grave, layout_rooms, serial_corexii_hall,
          corexii_hall_statues_i, chequers_hall_statues_wall_a, minmay_quantized
D:2:      kennysheep_six_static_rooms, layout_basic, serial_co_window_serial,
          co_window_of_opportunity_a, co_window_corner_a, co_window_paths_b,
          co_window_of_opportunity_a, co_window_corner_a, co_window_2corner,
          co_window_broadway_b, co_window_corner_cb, co_window_corner_b,
          glass_columns_a, glass_columns_b, glass_columns_b, glass_columns_a,
          basic_altar
D:3:      layout_loops_corners, nzn_wu_jian_council_hall,
          ebering_ecumenical_altar_mist
D:4:      layout_loops_ring, portal_sewer_entry_d, uniq_pikel, uniq_ijyb

Skill      XL: |  1  2  3  4  5 |
---------------+----------------+-----
Shields        | 4 5 |  5.0
Axes           | 3 4 5 |  5.0
Fighting       | 4 |  4.4
Invocations    | 2 |  2.5
Armour         | |  3.6

Action                   |  1- 3 |  4- 6 || total
-------------------------+-------+-------++-------
Melee: War axe           |    79 |    69 ||   148
       Headbutt          |     6 |    15 ||    21
Throw: Throwing net      |       |     1 ||     1
Invok: Recite            |       |     3 ||     3
Armor: Scale mail        |    44 |    25 ||    69
Dodge: Dodged            |    31 |    25 ||    56
Block: Buckler           |    11 |    13 ||    24
